 Dungeon Crawl Stone Soup version 0.29.1-1-gd02db6906a (webtiles) character file.

Game seed: 111678690830353123

340 safid the Skirmisher (level 6, -1/51 HPs)
             Began as a Minotaur Hunter on Oct 14, 2022.
             Slain by Edmund
             ... wielding a +3 dire flail of protection
              (4 damage)
             ... on level 4 of the Dungeon.
             The game lasted 00:05:25 (3245 turns).

safid the Skirmisher (Minotaur Hunter)              Turns: 3245, Time: 00:05:27

Health: -1/51      AC:  3    Str: 16    XL:     6   Next: 30%
Magic:  5/5        EV: 12    Int:  6    God:
Gold:   274        SH:  0    Dex: 21    Spells: 5/5 levels left

rFire   . . .      SeeInvis .   a - +0 shortbow
rCold   . . .      Faith    .   (shield currently unavailable)
rNeg    . . .      Spirit   .   c - +0 leather armour
rPois   +          Reflect  .   (helmet restricted)
rElec   .          Harm     .   (no cloak)
rCorr   .          Rampage  .   (no gloves)
Will    .....                   (no boots)
Stlth   ++........              (no amulet)
HPRegen 0.17/turn               s - +6 ring of dexterity
MPRegen 0.09/turn               j - ring of poison resistance

@: no status effects
A: horns 2, retaliatory headbutt
a: no special abilities


You were on level 4 of the Dungeon.
You visited 1 branch of the dungeon, and saw 4 of its levels.

You collected 274 gold pieces.

Inventory:

Hand Weapons
 a - a +0 shortbow (weapon)
Armour
 c - a +0 leather armour (worn)
Jewellery
 j - a ring of poison resistance (right hand)
 q - a ring of fire
 s - a +6 ring of dexterity (left hand)
 u - an amulet of faith
Wands
 y - a wand of quicksilver (7)
Scrolls
 b - a scroll of immolation
 d - 2 scrolls of amnesia {unknown}
 e - 2 scrolls of blinking {unknown}
 f - a scroll of enchant armour {unknown}
 g - a scroll of torment {unknown}
 i - 5 scrolls of teleportation {unknown}
 k - 3 scrolls of identify {unknown}
 p - 2 scrolls of enchant weapon {unknown}
 r - a scroll of magic mapping {unknown}
Potions
 h - 2 potions of berserk rage {unknown}
 l - a potion of curing {unknown}
 m - 2 potions of degeneration {unknown}
 n - 2 potions of heal wounds {unknown}
 o - a potion of magic {unknown}
 t - a potion of brilliance {unknown}
 v - a potion of mutation {unknown}
 w - a potion of cancellation {unknown}
 x - a potion of invisibility {unknown}


   Skills:
 - Level 3.0 Fighting
 + Level 8.2 Ranged Weapons
 - Level 2.1 Dodging
 - Level 0.7 Stealth


You had 5 spell levels left.
You didn't know any spells.
Your spell library contained the following spells:

 Spells                   Type           Power      Damage    Failure   Level
 Slow                     Hex            0%         N/A       52%         1
 Dazzling Flash           Conj/Hex       0%         N/A       88%         3
 Metabolic Englaciation   Hex/Ice        0%         N/A       100%        5
 Dispersal                Tloc           0%         N/A       100%        6


Dungeon Overview and Level Annotations

Branches:
Dungeon (4/15)
 Temple: D:4-7

Altars:

Annotations:
D:3 3 runed translucent doors, spyumbreon's ghost, weakling MiBe
D:4 Edmund; Grinder


Innate Abilities, Weirdness & Mutations

You have a pair of horns on your head.
You reflexively headbutt those who attack you in melee.


Message History

The grasping roots constrict you.
You shoot an arrow.
The arrow hits Edmund but does no damage.
The grasping roots constrict you.
The grasping roots release their grip on you.
You shoot an arrow. The arrow hits Edmund!
Edmund is lightly wounded.
Edmund zaps a wand.
The roots erupt in riotous growth!
The grasping roots grab you! The grasping roots constrict you.
You shoot an arrow.
The arrow hits Edmund but does no damage.
Edmund is lightly wounded.
The grasping roots constrict you. x2
You shoot an arrow. The arrow hits Edmund!
Edmund is heavily wounded.
The grasping roots constrict you!
Aiming: Quicksilver Bolt
Press: ? - help, Shift-Dir - straight line, f/p - Edmund
Aim: Edmund, wielding a +3 dire flail of protection, wearing a +2 ring mail of cold resistance and carrying a wand of roots (9) (heavily wounded, 75% to hit)
The bolt of dispelling energy misses Edmund.
Edmund barely misses you. You furiously retaliate!
You headbutt Edmund, but do no damage. The grasping roots constrict you.
Aiming: Quicksilver Bolt
Press: ? - help, Shift-Dir - straight line, f/p - Edmund
Aim: Edmund, wielding a +3 dire flail of protection, wearing a +2 ring mail of cold resistance and carrying a wand of roots (9) (heavily wounded, 75% to hit)
The bolt of dispelling energy hits Edmund.
Edmund is heavily wounded.
Edmund hits you with a +3 dire flail of protection!
* * * LOW HITPOINT WARNING * * *
The grasping roots constrict you.
* * * LOW HITPOINT WARNING * * *
The grasping roots release their grip on you.
Aiming: Quicksilver Bolt
Press: ? - help, Shift-Dir - straight line, f/p - Edmund
Aim: Edmund, wielding a +3 dire flail of protection, wearing a +2 ring mail of cold resistance and carrying a wand of roots (9) (heavily wounded, 75% to hit)
The bolt of dispelling energy hits Edmund!
Edmund is heavily wounded.
Edmund hits you with a +3 dire flail of protection.
You die...

.. #'# #.# #.#
######.## ........##
# #.[.@.# #. ###..@#
##.##.###....########
.....................
#..<.....########
########.# #.# #.#
######### #<#
#.......# #.#


You could see Edmund.

Vanquished Creatures
  An ogre (D:4)
  Blork the orc (D:4)
  An iguana (D:4)
  2 orc wizards (D:3)
  Robin (D:2)
  2 adders
  An ufetubus (D:4)
  4 dart slugs (D:1)
  8 orcs
  6 endoplasms
  2 giant cockroaches
  15 goblins
  7 hobgoblins
  4 quokkas
  4 ball pythons
  5 bats
  3 frilled lizards
  2 kobolds
  8 rats
77 creatures vanquished.

Vanquished Creatures (others)
  6 toadstools (D:2)
6 creatures vanquished.

Grand Total: 83 creatures vanquished

Notes
Turn   | Place    | Note
-------+----------+-------------------------------------------
     0 | D:1      | safid the Minotaur Hunter began the quest for the Orb.
     0 | D:1      | Reached XP level 1. HP: 18/18 MP: 0/0
    23 | D:1      | Reached XP level 2. HP: 26/26 MP: 1/1
   106 | D:1      | Reached skill level 5 in Ranged Weapons
   198 | D:1      | Reached XP level 3. HP: 31/31 MP: 2/2
   322 | D:1      | Found a faded altar of an unknown god.
   590 | D:2      | Noticed Robin
   603 | D:2      | Killed Robin
   604 | D:2      | Reached skill level 6 in Ranged Weapons
   604 | D:2      | Reached XP level 4. HP: 15/38 MP: 3/3
  1629 | D:3      | Got Sif Muna's Verses on Displaced Hexing
  1711 | D:3      | Found a runed translucent gate.
  1711 | D:3      | Found a runed translucent gate.
  1711 | D:3      | Found a runed translucent gate.
  1712 | D:3      | Noticed spyumbreon's ghost (weakling MiBe)
  1714 | D:3      | Identified the +10 dagger "Zuuzen" {elec, Int+3}
  1714 | D:3      | Identified the +6 leather armour "Eki Sice" {Harm Str+7
                  | Int+3}
  2275 | D:3      | Reached XP level 5. HP: 45/45 MP: 4/4
  2298 | D:3      | Reached skill level 7 in Ranged Weapons
  2679 | D:4      | Noticed Grinder
  2683 | D:4      | Paralysed by Grinder for 3 turns
  2683 | D:4      | Noticed Edmund
  2768 | D:4      | Noticed Blork the orc
  2775 | D:4      | Killed Blork the orc
  2983 | D:4      | Noticed an ogre
  2986 | D:4      | Killed an ogre
  2987 | D:4      | Reached skill level 8 in Ranged Weapons
  2987 | D:4      | Reached XP level 6. HP: 51/51 MP: 5/5
  3245 | D:4      | Slain by Edmund

Illustrated notes

Levels and vault maps discovered:
D:1:      mrwooster_arrival_statue_2, layout_rooms,
          shapermc_ecumenical_altar_mp_urbaneastern
D:2:      layout_basic, minmay_gold_behind_fungi, uniq_robin
D:3:      layout_basic, biasface_ghost_orc_armoury
D:4:      layout_loops_corners, uniq_edmund, uniq_blork_the_orc, uniq_grinder

Skill      XL: |  1  2  3  4  5 |
---------------+----------------+-----
Fighting       | 3 |  3.0
Ranged Weapons | 5 6 8 |  8.2
Dodging        | |  2.1
Stealth        | |  0.7

Action                   |  1- 3 |  4- 6 || total
-------------------------+-------+-------++-------
Melee: Shortbow          |       |     1 ||     1
 Fire: Shortbow          |    95 |   121 ||   216
Evoke: Wand              |       |     3 ||     3
Armor: Leather armour    |     3 |    16 ||    19
Dodge: Dodged            |    13 |    30 ||    43
